NCAA
OHIO STATE BUCKEYES @ NORTH CAROLINA STATE WOLFPACK
04/25/2023
 
TOP OF THE 1ST
Ohio State Buckeyes batting - Pitching for North Carolina State Wolfpack : RHP Steve Chase
Pitching: RHP Steve Chase
Batting: SHB Thomas Simmons 0-0: Ball
1-0: Foul Ball, location: 2F
1-1: SINGLE (Line Drive, 6MD)
Batting: RHB Gabriel Soto 0-0: Swinging Strike
0-1: SINGLE (Groundball, 56D)
Thomas Simmons to second
Batting: LHB Frank García 0-0: Called Strike
0-1: Foul Ball, location: 2F
0-2: Ball
1-2: Foul Ball, location: 2F
1-2: Ground out U3 (Groundball, 3S)
Thomas Simmons to third
Gabriel Soto to second
Batting: RHB Júlio Morales 0-0: Fly out, F7 (Flyball, 7M)
Runner from 3rd tags up, SCORES, no throw
Batting: SHB Jorge Rodríguez 0-0: Foul Ball, location: 2F
0-1: Called Strike
0-2: Ball
1-2: Ball
2-2: Strikes out swinging
Top of the 1st over - 1 run(s), 2 hit(s), 0 error(s), 1 left on base; Ohio State 1 - North Carolina State 0
BOTTOM OF THE 1ST
North Carolina State Wolfpack batting - Pitching for Ohio State Buckeyes : RHP Andrew Dodson
Pitching: RHP Andrew Dodson
Batting: RHB Eugene Booth 0-0: Called Strike
0-1: Called Strike
0-2: Ball
1-2: Ball
2-2: Ball
3-2: Fly out, F5 (Popup, 56S)
Batting: RHB Rafael Rosário 0-0: Called Strike
0-1: Foul Ball, location: 2F
0-2: SINGLE (Line Drive, 4D)
Batting: RHB Javier Morales 0-0: Ball
1-0: Ball
2-0: Ball
3-0: Base on Balls
Rafael Rosário to second
Batting: RHB Donald Hoover 0-0: Ball
1-0: Grounds into double play, 6-4-3 (Groundball, 6M)
Bottom of the 1st over - 0 run(s), 1 hit(s), 0 error(s), 1 left on base; Ohio State 1 - North Carolina State 0
TOP OF THE 2ND
Ohio State Buckeyes batting - Pitching for North Carolina State Wolfpack : RHP Steve Chase
Batting: SHB Devin Smith 0-0: Ball
1-0: Swinging Strike
1-1: Foul Ball, location: 2F
1-2: Foul Ball, location: 2F
1-2: Strikes out swinging
Batting: SHB Tony Patterson 0-0: Called Strike
0-1: Ball
1-1: Ball
2-1: Swinging Strike
2-2: Ball
3-2: SINGLE (Groundball, 5D)
Batting: LHB Matt Ruskin 0-0: Called Strike
0-1: Ball
1-1: Foul Ball, location: 2F
1-2: Strikes out swinging
Batting: RHB Santiago Gutiérrez 0-0: Called Strike
0-1: DOUBLE (Line Drive, 5D)
Tony Patterson to third
Runner from 3rd tries for Home, SAFE, no throw or cutoff
Batting: SHB Thomas Simmons 0-0: Ball
1-0: Ball
2-0: Called Strike
2-1: Swinging Strike
2-2: Foul Ball, location: 2F
2-2: DOUBLE (Groundball, 3L)
Santiago Gutiérrez scores
Batting: RHB Gabriel Soto 0-0: Ball
1-0: Ball
2-0: Foul Ball, location: 2F
2-1: Ball
3-1: Base on Balls
Batting: LHB Frank García 0-0: Ball
1-0: Hit by Pitch
Thomas Simmons to third
Gabriel Soto to second
Batting: RHB Júlio Morales 0-0: Ball
1-0: Ball
2-0: Foul Ball, location: 2F
2-1: Foul Ball, location: 2F
2-2: Ball
3-2: GRAND SLAM HOME RUN (Flyball, 7LD), Distance : 322 ft
Batting: SHB Jorge Rodríguez 0-0: Called Strike
0-1: Ball
1-1: Ball
2-1: Hit by Pitch
Batting: SHB Devin Smith 0-0: Ball
1-0: Ball
2-0: Called Strike
2-1: SINGLE (Groundball, 56D)
Jorge Rodríguez to second
Batting: SHB Tony Patterson 0-0: Ball
1-0: Called Strike
1-1: Ball
2-1: Ball
3-1: Foul Ball, location: 2F
3-2: Foul Ball, location: 2F
3-2: Base on Balls
Jorge Rodríguez to third
Devin Smith to second
Batting: LHB Matt Ruskin 0-0: Ball
1-0: Ball
2-0: Swinging Strike
2-1: Swinging Strike
2-2: Strikes out swinging
Top of the 2nd over - 6 run(s), 5 hit(s), 0 error(s), 3 left on base; Ohio State 7 - North Carolina State 0
BOTTOM OF THE 2ND
North Carolina State Wolfpack batting - Pitching for Ohio State Buckeyes : RHP Andrew Dodson
Batting: RHB Richard Heath 0-0: Ball
1-0: Called Strike
1-1: Ball
2-1: Ground out 4-3 (Groundball, 4)
Batting: LHB Kyle Maloney 0-0: Called Strike
0-1: Ball
1-1: Ball
2-1: Ball
3-1: Base on Balls
Batting: RHB David Vélez 0-0: Ball
1-0: Ball
2-0: Ball
3-0: Base on Balls
Kyle Maloney to second
Batting: RHB José Orozco 0-0: Foul Ball, location: 2F
0-1: Ball
1-1: Foul Ball, location: 2F
1-2: Fly out, F2 (Popup, 2LF)
Batting: RHB José Espinoza 0-0: Ball
1-0: Called Strike
1-1: Ball
2-1: Foul Ball, location: 2F
2-2: Fly out, F9 (Flyball, 89M)
Bottom of the 2nd over - 0 run(s), 0 hit(s), 0 error(s), 2 left on base; Ohio State 7 - North Carolina State 0
TOP OF THE 3RD
Ohio State Buckeyes batting - Pitching for North Carolina State Wolfpack : RHP Steve Chase
Batting: RHB Santiago Gutiérrez 0-0: Ball
1-0: Ball
2-0: Ball
3-0: Called Strike
3-1: Base on Balls
Batting: SHB Thomas Simmons 0-0: Swinging Strike
0-1: Swinging Strike
0-2: Foul Ball, location: 2F
0-2: Strikes out swinging
Pitching: RHP Boyd Puckett
Batting: RHB Gabriel Soto 0-0: Swinging Strike
0-1: Called Strike
0-2: Ball
1-2: Strikes out swinging
Batting: LHB Frank García 0-0: Foul Ball, location: 2F
0-1: Ball
1-1: Swinging Strike
1-2: Strikes out swinging
Top of the 3rd over - 0 run(s), 0 hit(s), 0 error(s), 1 left on base; Ohio State 7 - North Carolina State 0
BOTTOM OF THE 3RD
North Carolina State Wolfpack batting - Pitching for Ohio State Buckeyes : RHP Andrew Dodson
Batting: RHB Eugene Booth 0-0: Called Strike
0-1: Foul Ball, location: 2F
0-2: Ball
1-2: Foul Ball, location: 2F
1-2: Foul Ball, location: 2F
1-2: Ground out 4-3 (Groundball, 4)
Batting: RHB Rafael Rosário 0-0: Ball
1-0: Swinging Strike
1-1: Ball
2-1: Ground out 6-3 (Groundball, 6)
Batting: RHB Javier Morales 0-0: Ball
1-0: Foul Ball, location: 2F
1-1: Ball
2-1: Called Strike
2-2: Ground out 6-3 (Groundball, 6)
Bottom of the 3rd over - 0 run(s), 0 hit(s), 0 error(s), 0 left on base; Ohio State 7 - North Carolina State 0
TOP OF THE 4TH
Ohio State Buckeyes batting - Pitching for North Carolina State Wolfpack : RHP Boyd Puckett
Batting: RHB Júlio Morales 0-0: Ball
1-0: Ball
2-0: Ball
3-0: Called Strike
3-1: Base on Balls
Batting: SHB Jorge Rodríguez 0-0: Ball
1-0: Grounds into double play, U4-3 (Groundball, 4)
Batting: SHB Devin Smith 0-0: Ball
1-0: Ball
2-0: Swinging Strike
2-1: Ground out 6-3 (Groundball, 6M)
Top of the 4th over - 0 run(s), 0 hit(s), 0 error(s), 0 left on base; Ohio State 7 - North Carolina State 0
BOTTOM OF THE 4TH
North Carolina State Wolfpack batting - Pitching for Ohio State Buckeyes : RHP Andrew Dodson
Batting: RHB Donald Hoover 0-0: Called Strike
0-1: Ball
1-1: Ball
2-1: Ball
3-1: Base on Balls
Batting: RHB Richard Heath 0-0: Called Strike
0-1: Ground out 5-3 (Groundball, 5S)
Donald Hoover to second
Batting: LHB Kyle Maloney 0-0: Called Strike
0-1: Swinging Strike
0-2: Foul Ball, location: 2F
0-2: Foul Ball, location: 2F
0-2: Strikes out looking
Batting: RHB David Vélez 0-0: Foul Ball, location: 2F
0-1: Ball
1-1: Ball
2-1: SINGLE (Groundball, 56D)
Donald Hoover to third
Runner from 3rd tries for Home, SAFE, throw made home
David Vélez to second
Batting: RHB José Orozco 0-0: Swinging Strike
0-1: Swinging Strike
0-2: Ground out 5-3 (Groundball, 56)
Bottom of the 4th over - 1 run(s), 1 hit(s), 0 error(s), 1 left on base; Ohio State 7 - North Carolina State 1
TOP OF THE 5TH
Ohio State Buckeyes batting - Pitching for North Carolina State Wolfpack : RHP Boyd Puckett
Batting: SHB Tony Patterson 0-0: Fly out, F8 (Popup, 6MD)
Batting: LHB Matt Ruskin 0-0: Ball
1-0: Foul Ball, location: 2F
1-1: Ball
2-1: TRIPLE (Line Drive, 9LS)
Batting: RHB Santiago Gutiérrez 0-0: Ball
1-0: Ground out 6-3 (Groundball, 6M)
Matt Ruskin scores
Batting: SHB Thomas Simmons 0-0: Ball
1-0: SINGLE (Groundball, 34)
Batting: RHB Gabriel Soto 0-0: Ball
1-0: Called Strike
1-1: Swinging Strike
1-2: SINGLE (Line Drive, 4)
Thomas Simmons to second
Throwing error, E9
Thomas Simmons scores
Gabriel Soto to second
Batting: LHB Frank García 0-0: SINGLE (Groundball, 56)
Gabriel Soto to third
Runner from 3rd tries for Home, SAFE, no throw or cutoff
Batting: RHB Júlio Morales 0-0: Ball
1-0: Called Strike
1-1: Ball
2-1: Ball
3-1: Called Strike
3-2: 2-RUN HOME RUN (Flyball, 7D), Distance : 357 ft
Batting: SHB Jorge Rodríguez 0-0: Ball
1-0: Ball
2-0: Ball
3-0: Called Strike
3-1: Base on Balls
Pitching: RHP António Rico
Batting: SHB Devin Smith 0-0: Called Strike
0-1: Ball
1-1: Ball
2-1: Foul Ball, location: 2F
2-2: Foul Ball, location: 2F
2-2: Ball
3-2: Ground out 6-3 (Groundball, 6)
Top of the 5th over - 5 run(s), 5 hit(s), 1 error(s), 1 left on base; Ohio State 12 - North Carolina State 1
BOTTOM OF THE 5TH
North Carolina State Wolfpack batting - Pitching for Ohio State Buckeyes : RHP Andrew Dodson
Batting: RHB José Espinoza 0-0: Ball
1-0: Fly out, F9 (Line Drive, 9M)
Batting: RHB Eugene Booth 0-0: Ball
1-0: Ball
2-0: Ball
3-0: Called Strike
3-1: Base on Balls
Batting: RHB Rafael Rosário 0-0: Called Strike
0-1: Ball
1-1: SINGLE (Line Drive, 4M)
Eugene Booth to second
Pitching: RHP Allen King
Batting: RHB Javier Morales 0-0: Ball
Eugene Booth steals 3rd base
Rafael Rosário to second
1-0: 3-RUN HOME RUN (Flyball, 7D), Distance : 355 ft
Batting: RHB Donald Hoover 0-0: Ball
1-0: Ball
2-0: Foul Ball, location: 2F
2-1: Ball
3-1: Base on Balls
Batting: RHB Richard Heath 0-0: Swinging Strike
0-1: Ball
Passed Ball!
Donald Hoover to second
1-1: Ball
2-1: Called Strike
2-2: Strikes out swinging
Batting: LHB Kyle Maloney 0-0: Foul Ball, location: 2F
0-1: Swinging Strike
0-2: Ball
1-2: Strikes out swinging
Bottom of the 5th over - 3 run(s), 2 hit(s), 0 error(s), 1 left on base; Ohio State 12 - North Carolina State 4
TOP OF THE 6TH
Ohio State Buckeyes batting - Pitching for North Carolina State Wolfpack : RHP António Rico
Batting: SHB Tony Patterson 0-0: Foul Ball, location: 2F
0-1: Ball
1-1: Foul Ball, location: 2F
1-2: Foul Ball, location: 2F
1-2: Ball
2-2: Fly out, F3 (Popup, 13)
Batting: LHB Matt Ruskin 0-0: Ball
1-0: Ball
2-0: Foul Ball, location: 2F
2-1: Ball
3-1: Foul Ball, location: 2F
3-2: Base on Balls
Batting: RHB Santiago Gutiérrez 0-0: Called Strike
0-1: Ball
1-1: Ball
2-1: Foul Ball, location: 2F
2-2: Ball
3-2: Foul Ball, location: 2F
3-2: Strikes out swinging
Batting: SHB Thomas Simmons 0-0: Ball
1-0: Called Strike
1-1: Called Strike
1-2: Foul Ball, location: 2F
1-2: Strikes out swinging
Top of the 6th over - 0 run(s), 0 hit(s), 0 error(s), 1 left on base; Ohio State 12 - North Carolina State 4
BOTTOM OF THE 6TH
North Carolina State Wolfpack batting - Pitching for Ohio State Buckeyes : RHP Allen King
Batting: RHB David Vélez 0-0: Called Strike
0-1: Ball
1-1: SOLO HOME RUN (Flyball, 7LD), Distance : 328 ft
Batting: RHB José Orozco 0-0: Ball
1-0: Called Strike
1-1: Fly out, F8 (Flyball, 8RM)
Batting: RHB José Espinoza 0-0: Ball
1-0: Ball
2-0: Called Strike
2-1: Ball
3-1: Called Strike
3-2: Strikes out swinging
Batting: RHB Eugene Booth 0-0: Fly out, F9 (Flyball, 89S)
Bottom of the 6th over - 1 run(s), 1 hit(s), 0 error(s), 0 left on base; Ohio State 12 - North Carolina State 5
TOP OF THE 7TH
Ohio State Buckeyes batting - Pitching for North Carolina State Wolfpack : RHP António Rico
Batting: RHB Gabriel Soto 0-0: Called Strike
0-1: Foul Ball, location: 2F
0-2: Ball
1-2: Foul Ball, location: 2F
1-2: Fly out, F8 (Flyball, 8RM)
Batting: LHB Frank García 0-0: Ball
1-0: Fly out, F6 (Popup, 56)
Batting: RHB Júlio Morales 0-0: Called Strike
0-1: Ball
1-1: Ball
2-1: Ball
3-1: Base on Balls
Batting: SHB Jorge Rodríguez 0-0: Called Strike
0-1: Ground out U3 (Groundball, 3)
Top of the 7th over - 0 run(s), 0 hit(s), 0 error(s), 1 left on base; Ohio State 12 - North Carolina State 5
BOTTOM OF THE 7TH
North Carolina State Wolfpack batting - Pitching for Ohio State Buckeyes : RHP Allen King
Batting: RHB Rafael Rosário 0-0: Ball
1-0: Called Strike
1-1: Ball
2-1: Ball
3-1: Base on Balls
Batting: RHB Javier Morales 0-0: Ball
1-0: Ball
2-0: Fly out, F6 (Popup, 6D)
Pitching: LHP Howard Mack
Batting: RHB Donald Hoover 0-0: Called Strike
0-1: Ball
1-1: Foul Ball, location: 2F
1-2: Strikes out swinging
Batting: RHB Richard Heath 0-0: Ball
1-0: Ball
2-0: Ball
3-0: Base on Balls
Rafael Rosário to second
Batting: LHB Kyle Maloney 0-0: Ball
1-0: Called Strike
1-1: Ball
2-1: Foul Ball, location: 2F
2-2: Ball
3-2: Base on Balls
Rafael Rosário to third
Richard Heath to second
Batting: RHB David Vélez 0-0: Called Strike
0-1: Swinging Strike
0-2: Ball
1-2: Strikes out swinging
Bottom of the 7th over - 0 run(s), 0 hit(s), 0 error(s), 3 left on base; Ohio State 12 - North Carolina State 5
TOP OF THE 8TH
Ohio State Buckeyes batting - Pitching for North Carolina State Wolfpack : RHP António Rico
Pitching: RHP Jack Ellison
Batting: SHB Devin Smith 0-0: Called Strike
0-1: Ball
1-1: Foul Ball, location: 2F
1-2: Foul Ball, location: 2F
1-2: Strikes out swinging
Batting: SHB Tony Patterson 0-0: Called Strike
0-1: Foul Ball, location: 2F
0-2: Strikes out looking
Batting: LHB Matt Ruskin 0-0: Ball
1-0: Foul Ball, location: 2F
1-1: Ball
2-1: Ball
3-1: Base on Balls
Batting: RHB Santiago Gutiérrez 0-0: Foul Ball, location: 2F
0-1: Fly out, F4 (Popup, 4M)
Top of the 8th over - 0 run(s), 0 hit(s), 0 error(s), 1 left on base; Ohio State 12 - North Carolina State 5
BOTTOM OF THE 8TH
North Carolina State Wolfpack batting - Pitching for Ohio State Buckeyes : LHP Howard Mack
Batting: RHB José Orozco 0-0: Ground out 5-3 (Groundball, 56)
Batting: RHB José Espinoza 0-0: Ball
1-0: Ball
2-0: Ball
3-0: Foul Ball, location: 2F
3-1: SINGLE (Line Drive, 56D)
Batting: RHB Eugene Booth 0-0: Ball
1-0: Swinging Strike
1-1: Ball
2-1: Fielders Choice at 2nd, 5-4 (Groundball, 56)
Batting: RHB Rafael Rosário 0-0: Ball
1-0: Swinging Strike
1-1: Ground out 4-3 (Groundball, 4)
Bottom of the 8th over - 0 run(s), 1 hit(s), 0 error(s), 1 left on base; Ohio State 12 - North Carolina State 5
TOP OF THE 9TH
Ohio State Buckeyes batting - Pitching for North Carolina State Wolfpack : RHP Jack Ellison
Batting: SHB Thomas Simmons 0-0: Called Strike
0-1: Called Strike
0-2: Ball
1-2: Ball
2-2: Ball
3-2: Base on Balls
Batting: RHB Gabriel Soto 0-0: Ball
1-0: 2-RUN HOME RUN (Flyball, 7D), Distance : 351 ft
Batting: LHB Frank García 0-0: Ball
1-0: Ball
2-0: Called Strike
2-1: SINGLE (Line Drive, 89M)
Batting: RHB Júlio Morales 0-0: Called Strike
0-1: Ball
1-1: Called Strike
1-2: Ground out 5-3 (Groundball, 5S)
Frank García to second
Batting: SHB Jorge Rodríguez 0-0: Ball
1-0: Swinging Strike
1-1: Ball
2-1: Swinging Strike
2-2: Ball
3-2: Base on Balls
Batting: SHB Devin Smith 0-0: Called Strike
0-1: Foul Ball, location: 2F
0-2: Ball
1-2: Ball
2-2: Foul Ball, location: 2F
2-2: Foul Ball, location: 2F
2-2: Reached on error, E1 (Groundball, 15S)
Frank García to third
Jorge Rodríguez to second
Batting: SHB Tony Patterson 0-0: Foul Ball, location: 2F
0-1: Ball
1-1: Ball
2-1: Foul Ball, location: 2F
2-2: Ball
3-2: Strikes out swinging
Batting: LHB Matt Ruskin 0-0: Ball
1-0: Swinging Strike
1-1: Swinging Strike
1-2: Strikes out swinging
Top of the 9th over - 2 run(s), 2 hit(s), 1 error(s), 3 left on base; Ohio State 14 - North Carolina State 5
BOTTOM OF THE 9TH
North Carolina State Wolfpack batting - Pitching for Ohio State Buckeyes : LHP Howard Mack
Now at C: Junior Nájera
Batting: RHB Javier Morales 0-0: Ball
1-0: Ground out 6-3 (Groundball, 6M)
Batting: RHB Donald Hoover 0-0: Called Strike
0-1: Ball
1-1: Foul Ball, location: 2F
1-2: Strikes out looking
Batting: RHB Richard Heath 0-0: Called Strike
0-1: Ball
1-1: Ball
2-1: Foul Ball, location: 2F
2-2: SINGLE (Line Drive, 4D)
Batting: LHB Kyle Maloney 0-0: Ball
1-0: Ground out 4-3 (Groundball, 34)
Bottom of the 9th over - 0 run(s), 1 hit(s), 0 error(s), 1 left on base; Ohio State 14 - North Carolina State 5
This league is powered by Out of the Park Baseball, the baseball management simulation game for PC, Mac and Linux
Wednesday, December 2nd, 2015 - OOTP Baseball 16.8 Build 38